 Dungeon Crawl Stone Soup version 0.20.1-1-g8b1a95d (webtiles) character file.

42389 ninurtach the Severer (level 13, -18/102 HPs)
             Began as a Minotaur Fighter on Nov 23, 2017.
             Was a High Priest of Okawaru.
             Demolished by a dire elephant (26 damage)
             ... on level 6 of the Lair of Beasts on Nov 24, 2017.
             The game lasted 00:45:55 (17420 turns).

ninurtach the Severer (Minotaur Fighter)           Turns: 17420, Time: 00:45:56

Health: -18/102    AC: 22    Str: 28    XL:     13   Next: 85%
Magic:  0/26       EV: 13    Int:  5    God:    Okawaru [*****.]
Gold:   624        SH:  0    Dex: 12    Spells: 9/12 levels left

rFire    . . .     SeeInvis .   N - +3 battleaxe
rCold    x . .     Gourm    .   (shield currently unavailable)
rNeg     . . .     Faith    .   r - +0 plate armour
rPois    .         Spirit   +   J - +2 hat
rElec    .         Reflect  .   n - scarf {Spirit}
rCorr    .         Harm     .   s - +2 pair of gloves "Omazeledgh" {+Fly rC- Regen+ Str+4}
MR       .....                  u - +1 pair of boots
Stlth    ..........             (no amulet)
Regen    0.7/turn               C - ring of magical power
MPRegen  0.2/turn               T - ring of protection from magic

@: vulnerable, very slightly contaminated, invisible, very slow
A: retaliatory headbutt, horns 2, repulsion field 1, frail 1
a: Heroism, Finesse, Renounce Religion, Evoke Flight


You were on level 6 of the Lair of Beasts.
You worshipped Okawaru.
Okawaru was extremely pleased with you.
You were not hungry.

You visited 3 branches of the dungeon, and saw 17 of its levels.
You also visited: Volcano.

You collected 924 gold pieces.
You spent 300 gold pieces at shops.

Inventory:

Hand Weapons
 N - a +3 battleaxe (weapon)
 S - a +1 glaive of flaming
Missiles
 L - a throwing net (quivered)
Armour
 n - a scarf of spirit shield (worn)
 r - a +0 plate armour (worn)
 s - the +2 pair of gloves "Omazeledgh" (worn) {+Fly rC- Regen+ Str+4}
   (Okawaru gifted it to you on level 9 of the Dungeon)

   It affects your strength (+4).
   It makes you vulnerable to cold.
   It lets you fly.
   It increases your rate of regeneration.
 u - a +1 pair of boots (worn)
 J - a +2 hat (worn)
Jewellery
 t - an uncursed ring of resist corrosion
 C - a ring of magical power (left hand)
 T - a ring of protection from magic (right hand)
Wands
 a - a wand of disintegration (19/24)
 d - a wand of polymorph (11/24)
 h - a wand of lightning (7/15)
 o - a wand of paralysis (11/24)
 v - a wand of paralysis (5/24)
 y - a wand of disintegration (24/24)
 H - a wand of polymorph (17/24)
 V - a wand of polymorph (14/24)
 Z - a wand of lightning (4/15)
Scrolls
 c - a scroll of amnesia
 e - 5 scrolls of teleportation
 q - 5 scrolls of remove curse
 U - a scroll of silence
 W - a scroll of vulnerability
Potions
 b - a potion of agility
 g - a potion of berserk rage
 k - 2 potions of ambrosia
 l - a potion of haste
 w - a potion of resistance
 z - a potion of invisibility
 A - 4 potions of lignification
 B - 8 potions of curing
 E - a potion of magic
 G - 4 potions of brilliance
 Q - a potion of cancellation
 R - 2 potions of flight {unknown}
Books
 p - a book of Unlife

   Spells                             Type                      Level
   a - Recall                         Summoning/Translocation      3
   b - Animate Dead                   Necromancy                   4
   c - Control Undead                 Necromancy                   4
   d - Cigotuvi's Embrace             Necromancy                   5
   e - Death Channel                  Necromancy                   6
   f - Simulacrum                     Ice/Necromancy               6
Comestibles
 f - 8 bread rations
 i - 12 chunks of flesh
 m - 16 fruits
 x - 12 royal jellies


   Skills:
 - Level 10.6 Fighting
 + Level 17.5 Axes
 - Level 10.5 Armour
 - Level 7.4 Dodging
   Level 3.6 Shields
 + Level 8.1 Translocations
 + Level 7.0 Evocations


You had 9 spell levels left.
You knew the following spells:

 Your Spells              Type           Power        Failure   Level  Hunger
a - Blink                 Tloc           N/A          22%         2    ###....
b - Apportation           Tloc           #.....       16%         1    ##.....


Dungeon Overview and Level Annotations

Branches:
Dungeon (10/15)            Temple (1/1) D:6            Lair (6/6) D:9
 Shoals (0/4) Lair:4        Snake (0/4) Lair:3        Slime (0/5) Lair:6
    Orc: D:9-12

Altars:
Ashenzari
Dithmenos
Gozag
Hepliaklqana
Kikubaaqudgha
Makhleb
Nemelex Xobeh
Okawaru
Sif Muna
Trog
Xom
Yredelemnul
The Shining One

Shops:
D:5 (   D:8 [!*:[


Innate Abilities, Weirdness & Mutations

You reflexively headbutt those who attack you in melee.
You have a pair of horns on your head.
You are surrounded by a mild repulsion field. (EV +2)
You are frail. (-10% HP)


Message History

The dire elephant tramples you but does no damage.
The dire elephant trunk-slaps you but does no damage.
You cut the dire elephant into ribbons!!!
You slash the elephant!
You hear an angry hiss.
The elephant closely misses you. You furiously retaliate!
You headbutt the elephant!
The elephant trunk-slaps you but does no damage.
The dire elephant tramples you!
* * * LOW HITPOINT WARNING * * *
You stumble backwards!
Splash!
You fall into the shallow water.
Moving in this stuff is going to be slow.
You take 10 damage, and have 7/102 hp.
You now have 1/26 mp.
Warning x2: The dire elephant can hit for high damage in melee, and can trample!
The elephant can hit for high damage in melee, and can trample!
Okay, then.
You fade into invisibility!
The dire elephant tramples you!!
You die...

≈≈**≈***≈≈***≈**≈≈≈≈,,*,*
≈≈*≈≈≈≈≈≈≈≈≈≈≈≈#≈≈##≈(..*
≈≈*≈≈≈≈≈88≈≈≈≈≈#≈P(#...#*
≈≈*,≈≈≈≈≈≈≈≈≈≈8#≈≈≈≈≈..,*
≈≈**###≈≈≈≈#####≈≈≈≈..P**
≈≈*8≈≈≈≈≈≈≈≈≈≈≈#≈P##..#*
≈≈*≈≈≈≈≈≈≈≈≈≈≈≈#≈≈.#≈.## ###
≈≈*≈≈≈≈≈≈≈≈≈≈≈≈#≈≈≈≈≈..# ##.###
≈≈*≈≈≈≈$[?!≈PP≈#@≈≈≈..######.##P.
≈*,≈≈≈≈|≈≈?≈≈P≈Y#≈##...##........
≈≈,≈≈#≈%≈≈"≈≈≈†.#≈##.............
≈≈,≈#≈≈))($≈#≈≈.≈≈≈≈≈............
≈≈*≈≈≈≈≈≈≈≈≈≈≈≈#≈≈≈≈.............
≈≈*≈≈P≈≈≈≈≈≈≈≈≈#≈≈##≈............
≈≈*8P≈≈≈≈≈≈P≈≈8#≈≈##.............
≈≈**############≈≈≈≈.............
≈≈*≈≈≈≈≈≈≈≈≈≈≈≈#≈≈≈P.............


You could see a dire elephant.

Vanquished Creatures
  The ghost of letownia2 the Severer, a journeyman DDNe of Gozag (Lair:2)
  3 hydras
  A two-headed ogre (D:9)
  A merfolk avatar (Lair:6)
  The ghost of dscm the Cleaver, a novice DsGl of Uskayaw (D:10)
  A sea snake (Lair:6)
  An unseen horror (D:10)
  A lindwurm (Lair:1)
  A manticore (Lair:4)
  11 elephants
  4 black mambas
  2 molten gargoyles (Volcano)
  A torpor snail (Lair:4)
  7 spiny frogs
  6 komodo dragons
  3 efreet (Volcano)
  5 rime drakes
  2 trolls
  5 polar bears
  A hornet (D:10)
  3 blink frogs (Lair:6)
  9 hippogriffs
  2 dream sheep (D:8)
  4 fire elementals (Volcano)
  50 yaks
  A wyvern (Lair:6)
  4 basilisks
  A hungry ghost (D:6)
  10 water moccasins
  13 porcupines
  7 ice beasts
  7 black bears (Lair:2)
  3 orc warriors
  9 ogres
  A necrophage (D:8)
  6 centaurs
  4 wolves (Lair:2)
  4 big kobolds (D:8)
  17 crocodiles
  16 bullfrogs
  2 gnoll sergeants
  8 scorpions
  8 wights
  An electric eel (Lair:2)
  A centaur zombie (D:5)
  10 crimson imps
  7 hounds
  3 jellies
  3 gnoll shamans (D:6)
  2 orc priests (D:5)
  2 bullfrog skeletons
  A centaur skeleton (D:10)
  5 orc wizards
  Crazy Yiuf (D:3)
  6 iguanas
  8 worker ants
  A killer bee zombie (D:9)
  A hound skeleton (D:9)
  50 gnolls
  11 adders
  2 shadow imps (D:6)
  An adder skeleton (D:7)
  An adder zombie (D:9)
  2 worms
  2 dart slugs
  3 leopard geckos
  23 orcs
  2 ball pythons
  6 giant cockroaches
  10 goblins
  11 hobgoblins
  20 jackals
  7 quokkas
  A bat (D:2)
  7 frilled lizards
  A jackal skeleton (D:5)
  A jackal zombie (D:7)
  17 kobolds
  A leopard gecko zombie (D:5)
  7 rats
  A fire vortex (Volcano)
  7 fungi
  8 plants
501 creatures vanquished.

Vanquished Creatures (others)
  3 fungi
  8 plants
11 creatures vanquished.

Grand Total: 512 creatures vanquished

Notes
Turn   | Place    | Note
-------+----------+-------------------------------------------
     0 | D:1      | ninurtach the Minotaur Fighter began the quest for the Orb.
     0 | D:1      | Reached XP level 1. HP: 19/19 MP: 0/0
    96 | D:1      | Reached skill level 3 in Axes
   257 | D:1      | Reached XP level 2. HP: 26/26 MP: 1/1
   346 | D:1      | Reached skill level 4 in Axes
   776 | D:2      | Found a shimmering altar of Xom.
   785 | D:2      | Reached XP level 3. HP: 31/31 MP: 2/2
   990 | D:2      | Reached skill level 5 in Axes
   993 | D:2      | Reached XP level 4. HP: 15/39 MP: 3/3
  1330 | D:2      | Found an ancient bone altar of Kikubaaqudgha.
  1627 | D:3      | Found a runed door.
  1675 | D:3      | Noticed Crazy Yiuf
  1680 | D:3      | Killed Crazy Yiuf
  1680 | D:3      | Reached skill level 6 in Axes
  1810 | D:3      | Found a basalt altar of Yredelemnul.
  1870 | D:3      | Reached XP level 5. HP: 45/45 MP: 4/4
  2064 | D:3      | Found a glowing golden altar of the Shining One.
  2082 | D:3      | Noticed an angel
  2089 | D:3      | Noticed a profane servitor
  2134 | D:4      | Reached skill level 7 in Axes
  2265 | D:4      | Got a slimy rapier
  2266 | D:4      | Identified the cursed +1 rapier of Cataclysm {pierce, *Contam rElec Dex+3 Stlth+} (You found it on level 4 of the Dungeon)
  2289 | D:4      | Reached XP level 6. HP: 49/51 MP: 5/5
  2490 | D:4      | Reached skill level 8 in Axes
  2677 | D:4      | Found a faded altar of an unknown god.
  2677 | D:4      | Found a hazy altar of Hepliaklqana.
  2682 | D:4      | Found a bloodstained altar of Trog.
  2684 | D:4      | Found an opulent altar of Gozag.
  2686 | D:4      | Found a burning altar of Makhleb.
  2766 | D:5      | Entered Level 5 of the Dungeon
  2788 | D:5      | Reached skill level 9 in Axes
  2830 | D:5      | Found Woynkuk's Weapon Shop.
  2901 | D:5      | Reached XP level 7. HP: 51/57 MP: 6/6
  3043 | D:5      | Reached skill level 10 in Axes
  3219 | D:5      | Reached skill level 1 in Dodging
  3609 | D:5      | Reached XP level 8. HP: 60/67 MP: 7/7
  4200 | D:6      | Gained mutation: Your body sometimes deteriorates upon taking damage. [mutagenic glow]
  4235 | D:6      | Reached skill level 5 in Fighting
  4236 | D:6      | Reached skill level 5 in Armour
  4866 | D:6      | Found a staircase to the Ecumenical Temple.
  4886 | Temple   | Entered the Ecumenical Temple
  4894 | Temple   | Became a worshipper of Warmaster Okawaru
  5118 | D:6      | Found a deep blue altar of Sif Muna.
  5305 | D:6      | Reached skill level 5 in Dodging
  5702 | D:6      | Reached XP level 9. HP: 78/78 MP: 8/8
  5708 | D:6      | Reached * piety under Okawaru
  6991 | D:7      | Reached ** piety under Okawaru
  7403 | D:8      | Found Neemnyor's Armour Shop.
  7420 | D:8      | Found Ymuq's Assorted Antiques.
  7720 | D:8      | Found Rinoblea's Armour Boutique.
  8144 | D:8      | Reached XP level 10. HP: 78/91 MP: 9/9
  8453 | D:8      | Found Muifoataip's Distillery.
  8461 | D:8      | Bought a potion of mutation for 96 gold pieces
  8461 | D:8      | Bought a potion of resistance for 120 gold pieces
  8461 | D:8      | Bought a potion of lignification for 36 gold pieces
  8461 | D:8      | Bought a potion of agility for 48 gold pieces
  8496 | D:8      | Found Ockicus's Book Shop.
  8739 | D:8      | Noticed a two-headed hydra
  8758 | D:8      | Killed a ten-headed hydra
  8758 | D:8      | Reached *** piety under Okawaru
  8760 | D:8      | Reached skill level 11 in Axes
  8766 | D:8      | Reached skill level 10 in Fighting
  9054 | D:8      | Lost mutation: Your body sometimes deteriorates upon taking damage. [potion of mutation]
  9054 | D:8      | Gained mutation: You tend to lose your temper in combat. [potion of mutation]
  9054 | D:8      | Gained mutation: You are resistant to hostile enchantments. (MR+) [potion of mutation]
  9058 | D:8      | Lost mutation: You tend to lose your temper in combat. [potion of mutation]
  9058 | D:8      | Lost mutation: You are resistant to hostile enchantments. (MR+) [potion of mutation]
  9058 | D:8      | Gained mutation: You are frail. (-10% HP) [potion of mutation]
  9058 | D:8      | Gained mutation: You are surrounded by a mild repulsion field. (EV +2) [potion of mutation]
  9085 | D:9      | Reached skill level 10 in Armour
  9103 | D:9      | Reached **** piety under Okawaru
  9142 | D:9      | HP: 3/84 [yak (9)]
  9144 | D:9      | HP: 1/84 [yak (2)]
  9411 | D:9      | Found a staircase to the Lair.
  9430 | D:9      | Noticed a two-headed ogre
  9437 | D:9      | Killed a two-headed ogre
  9437 | D:9      | Reached ***** piety under Okawaru
  9437 | D:9      | Reached skill level 12 in Axes
  9437 | D:9      | Reached XP level 11. HP: 83/90 MP: 10/10
  9671 | D:9      | Reached skill level 13 in Axes
 10056 | D:9      | Received a gift from Okawaru
 10057 | D:9      | Got a pair of steaming gloves {god gift}
 10074 | D:9      | Identified the +2 pair of gloves "Omazeledgh" {+Fly rC- Regen+ Str+4} (Okawaru gifted it to you on level 9 of the Dungeon)
 10158 | D:9      | Learned a level 2 spell: Blink
 10160 | D:9      | Learned a level 1 spell: Apportation
 10332 | D:10     | Entered Level 10 of the Dungeon
 10407 | D:10     | Reached skill level 1 in Translocations
 10456 | D:10     | Reached skill level 14 in Axes
 10533 | D:10     | Killed an unseen horror
 10624 | D:10     | Noticed dscm's ghost (novice DsGl)
 10632 | D:10     | Killed dscm's ghost
 10683 | D:10     | Found a shadowy altar of Dithmenos.
 11312 | Lair:1   | Entered Level 1 of the Lair of Beasts
 11395 | Lair:1   | Reached XP level 12. HP: 95/97 MP: 11/11
 11398 | Lair:1   | Reached skill level 15 in Axes
 11730 | Lair:1   | Found a dark tunnel.
 11779 | Volcano  | Entered a volcano
 11917 | Volcano  | Reached skill level 5 in Translocations
 12266 | Lair:1   | Noticed an eight-headed hydra
 12707 | Lair:2   | Reached skill level 1 in Evocations
 12721 | Lair:2   | Noticed letownia2's ghost (journeyman DDNe)
 13077 | Lair:2   | Killed letownia2's ghost
 13077 | Lair:2   | Received a gift from Okawaru
 13077 | Lair:2   | Reached skill level 16 in Axes
 13175 | Lair:2   | Killed a five-headed hydra
 13297 | Lair:2   | Received a gift from Okawaru
 13525 | Lair:2   | Reached ****** piety under Okawaru
 13812 | Lair:2   | Reached XP level 13. HP: 82/102 MP: 15/15
 13955 | Lair:2   | You fall through a shaft!
 14074 | Lair:3   | Received a gift from Okawaru
 14317 | Lair:3   | Found a staircase to the Snake Pit.
 14981 | Lair:4   | Reached skill level 5 in Evocations
 15266 | Lair:4   | Found a staircase to the Shoals.
 15904 | Lair:5   | Got a faintly humming leather armour
 15915 | Lair:5   | Identified the +0 leather armour of the Jabberwock {Str+4} (You found it on level 5 of the Lair of Beasts)
 16480 | Lair:5   | Reached skill level 17 in Axes
 16976 | Lair:6   | Entered Level 6 of the Lair of Beasts
 17197 | Lair:6   | Received a gift from Okawaru
 17391 | Lair:6   | Noticed a dire elephant
 17420 | Lair:6   | Demolished by a dire elephant

Skill      XL: |  1  2  3  4  5  6  7  8  9 10 11 12 13 |
---------------+----------------------------------------+-----
Axes           | 3 4 5 6 7 9 10 12 14 16 17 | 17.5
Dodging        | 2 5 7 |  7.4
Fighting       | 4 6 9 10 | 10.6
Armour         | 4 6 8 10 | 10.5
Translocations | 4 6 8 |  8.1
Evocations     | 4 7 |  7.0
Shields        | |  3.6

Action                   |  1- 3 |  4- 6 |  7- 9 | 10-12 | 13-15 || total
-------------------------+-------+-------+-------+-------+-------++-------
Melee: War axe           |    85 |    68 |   320 |       |       ||   473
       Headbutt          |    10 |    17 |    87 |   115 |    74 ||   303
       Rapier            |       |    35 |   106 |       |       ||   141
       Battleaxe         |       |       |    23 |   521 |   224 ||   768
       Glaive            |       |       |       |     3 |    13 ||    16
Invok: Heroism           |       |       |     1 |     9 |     4 ||    14
       Finesse           |       |       |       |     1 |     2 ||     3
 Abil: Evoke Flight      |       |       |       |     1 |       ||     1
  Use: Potion            |       |     1 |     1 |     7 |     1 ||    10
       Scroll            |       |     1 |    11 |     3 |     8 ||    23
 Stab: Sleeping          |       |     2 |       |       |       ||     2
       Invisible         |       |       |       |     5 |       ||     5
  Eat: Chunk             |       |     7 |    17 |    17 |     9 ||    50
       Fruit             |       |       |       |     3 |     2 ||     5
Armor: Scale mail        |    36 |    39 |    63 |       |       ||   138
       Plate armour      |       |       |   145 |   334 |   153 ||   632
Dodge: Dodged            |    25 |    31 |   124 |   315 |   145 ||   640
Block: Shield            |    36 |    39 |   208 |       |       ||   283
